 Dungeon Crawl Stone Soup version 0.26-a0-1184-g95e395e029 (webtiles) character file.

Game seed: 12305743854723701754

1186 Azzok the Digger (level 8, -2/52 HPs)
             Began as a Demonspawn Earth Elementalist on Dec 27, 2020.
             Killed from afar by Maggie (12 damage)
             ... with an iceblast
             ... on level 6 of the Dungeon.
             The game lasted 00:06:27 (6571 turns).

Azzok the Digger (Demonspawn Earth Elementalist)    Turns: 6571, Time: 00:06:27

Health: -2/52      AC: 10    Str:  8    XL:     8   Next: 19%
Magic:  0/14       EV: 12    Int: 19    God:
Gold:   286        SH:  0    Dex: 14    Spells: 6/15 levels left

rFire    . . .     SeeInvis .   f - +2 dagger (freeze)
rCold    . . .     Faith    .   (no shield)
rNeg     . . .     Spirit   +   c - +0 robe
rPois    .         Reflect  .   h - +1 hat
rElec    .         Harm     .   (no cloak)
rCorr    .         Rampage  .   (no gloves)
Will     .....                  u - +0 pair of boots
Stlth    ++........             (no amulet)
HPRegen  0.17/turn              n - ring of wizardry
MPRegen  0.14/turn              (no ring)

@: sanguine armour
A: horns 2, powered by death 1, magic shield, sanguine armour 1
a: no special abilities


You were on level 6 of the Dungeon.
You visited 1 branch of the dungeon, and saw 6 of its levels.

You collected 286 gold pieces.

Inventory:

Hand Weapons
 f - a +2 dagger of freezing (weapon)
Missiles
 b - 135 stones (quivered)
Armour
 c - a +0 robe (worn)
 h - a +1 hat (worn)
 u - a +0 pair of boots (worn)
Jewellery
 n - a ring of wizardry (left hand)
Scrolls
 d - 2 scrolls of enchant armour {unknown}
 i - a scroll of amnesia {unknown}
 k - 6 scrolls of teleportation {unknown}
 l - 4 scrolls of remove curse {unknown}
 m - 2 scrolls of blinking {unknown}
 o - a scroll of magic mapping {unknown}
 r - a scroll of random uselessness {unknown}
 t - a scroll of enchant weapon {unknown}
 w - a scroll of immolation {unknown}
Potions
 e - a potion of brilliance
 g - 2 potions of flight
 j - 2 potions of heal wounds
 p - a potion of attraction
 q - a potion of berserk rage
 s - a potion of resistance {unknown}
 v - a potion of curing {unknown}


   Skills:
 - Level 1.7 Dodging
 - Level 1.7 Stealth
 + Level 4.1 Spellcasting
 + Level 5.1 Conjurations
 - Level 0.8 Transmutations
 + Level 7.1 Earth Magic


You had 6 spell levels left.
You knew the following spells:

 Your Spells              Type           Power        Failure   Level
a - Sandblast             Erth           60%          1%          1
b - Stone Arrow           Conj/Erth      54%          1%          3
c - Lee's Rapid Deconstr  Erth           15%          9%          5

Your spell library contained the following spells:

 Spells                   Type           Power        Failure   Level
 Passwall                 Tmut/Erth      15%          1%          2
 Petrify                  Tmut/Erth      19%          11%         4


Dungeon Overview and Level Annotations

Branches:
Dungeon (6/15)
 Temple: D:4-7

Altars:
Dithmenos
Fedhas
Hepliaklqana
Kikubaaqudgha
Makhleb
Nemelex Xobeh
Okawaru
Uskayaw

Annotations:
D:6 Maggie


Innate Abilities, Weirdness & Mutations

You have a pair of horns on your head.
You regenerate a little health from kills.
When hurt, damage is shared between your health and your magic reserves.
When seriously injured, your bleeding wounds create armour. (AC +6)


Message History

The blast of sand hits Maggie but does no damage.
Maggie is heavily wounded.
b - 135 stones
* * * LOW MAGIC WARNING * * *
Maggie hits you but does no damage. Maggie gestures at you while chanting.
The bolt of fire hits you.
* * * LOW HITPOINT WARNING * * *
Maggie gestures wildly while chanting.
Maggie attempts to bespell you! You resist with some effort.
Maggie mumbles some strange words.
Maggie attempts to bespell you!
You are mesmerised by Maggie!
You are no longer entranced.
Your magical contamination has completely faded away.
Maggie zaps a wand.
The mass of ice explodes!
The iceblast engulfs you!
* * * LOW HITPOINT WARNING * * *
Maggie zaps a wand.
The mass of ice explodes!
The iceblast engulfs you!
* * * LOW MAGIC WARNING * * *
You die...

▒▒ ▒········╬ ·▒▒· ▒········▒
▒▒▒·▒▒·▒▒▒ ▒··)·····▒
▒···▒▒·#·▒ ▒▒<▒'▒▒▒▒▒
▒@▒▒▒▒▒▒·▒ ▒·▒·▒ ▒··@·····▒
▒·▒·▒▒▒▒
▒▒▒▒··▒▒▒▒▒▒▒▒╬▒····▒
▒··▒·············▒
▒··▒·@·····@·····▒
▒················▒
▒················▒
▒▒···············▒
▒▒▒···············▒
▒·'···············▒▒▒▒▒▒▒▒▒▒
▒·▒···············'········▒
▒·▒▒▒▒▒·▒▒▒╬▒▒▒···▒▒▒▒▒▒▒▒·▒▒
▒·▒ ▒·▒ ▒·············▒▒·▒·


You could see Maggie.

Vanquished Creatures
  Eustachio (D:4)
  Menkaure (D:5)
  A water moccasin (D:5)
  An ogre (D:6)
  A phantom (D:6)
  A centaur (D:4)
  A scorpion (D:4)
  3 hounds
  An orc priest (D:3)
  A bullfrog skeleton (D:5)
  3 orc wizards
  2 worker ants (D:4)
  3 gnolls (D:4)
  11 adders
  2 white imps
  An adder zombie (D:5)
  4 adder skeletons
  A worm (D:2)
  2 dart slugs (D:1)
  2 leopard geckos (D:2)
  10 orcs
  3 giant cockroaches
  12 goblins
  3 hobgoblins
  4 jackals (D:5)
  5 kobolds
  3 quokkas
  2 ball pythons
  7 bats
  5 frilled lizards
  A jackal skeleton (D:4)
  A quokka skeleton (D:5)
  8 rats
107 creatures vanquished.

Vanquished Creatures (others)
  An orc wizard (D:4)
  2 plants (D:6)
3 creatures vanquished.

Grand Total: 110 creatures vanquished

Notes
Turn   | Place    | Note
-------+----------+-------------------------------------------
     0 | D:1      | Azzok the Demonspawn Earth Elementalist began the quest for
                  | the Orb.
     0 | D:1      | Reached XP level 1. HP: 13/13 MP: 3/3
   535 | D:1      | Reached skill level 3 in Earth Magic
   966 | D:1      | Gained mutation: When seriously injured, your bleeding
                  | wounds create armour. (AC +6) [demonic ancestry]
   966 | D:1      | Reached XP level 2. HP: 19/19 MP: 3/5
  1605 | D:2      | Gained mutation: You have a pair of small horns on your
                  | head. [demonic ancestry]
  1605 | D:2      | Reached XP level 3. HP: 24/24 MP: 0/6
  1681 | D:2      | Reached skill level 4 in Earth Magic
  1931 | D:1      | Gained mutation: You have a pair of horns on your head.
                  | [demonic ancestry]
  1931 | D:1      | Reached XP level 4. HP: 11/30 MP: 0/7
  2463 | D:2      | Reached skill level 5 in Earth Magic
  2544 | D:2      | Learned a level 3 spell: Stone Arrow
  2681 | D:2      | Gained mutation: When hurt, damage is shared between your
                  | health and your magic reserves. [demonic ancestry]
  2681 | D:2      | Reached XP level 5. HP: 32/35 MP: 4/8
  2743 | D:2      | Noticed a +0 hand axe
  2745 | D:2      | Found a hide-covered altar of Uskayaw.
  2745 | D:2      | Noticed a +0 dagger
  2788 | D:2      | Reached skill level 1 in Conjurations
  3083 | D:2      | Found a burning altar of Makhleb.
  3194 | D:3      | Found a sparkling altar of Nemelex Xobeh.
  3483 | D:3      | Gained mutation: You regenerate a little health from kills.
                  | [demonic ancestry]
  3483 | D:3      | Reached XP level 6. HP: 38/41 MP: 4/9
  3762 | D:3      | Found an ancient bone altar of Kikubaaqudgha.
  4084 | D:4      | Reached skill level 6 in Earth Magic
  4311 | D:4      | Found a hazy altar of Hepliaklqana.
  4312 | D:4      | Found a blossoming altar of Fedhas.
  4766 | D:4      | Found a shadowy altar of Dithmenos.
  4766 | D:4      | Noticed a shadow
  4800 | D:4      | Reached XP level 7. HP: 41/46 MP: 1/10
  5119 | D:4      | Found a burning altar of Makhleb.
  5201 | D:4      | Found an iron altar of Okawaru.
  5313 | D:5      | Entered Level 5 of the Dungeon
  5313 | D:5      | Noticed Menkaure
  5319 | D:5      | Killed Menkaure
  5493 | D:5      | Learned a level 5 spell: Lee's Rapid Deconstruction
  5522 | D:5      | Noticed Eustachio
  5553 | D:4      | Killed Eustachio
  6078 | D:5      | Reached XP level 8. HP: 52/52 MP: 4/13
  6303 | D:6      | Reached skill level 5 in Conjurations
  6303 | D:6      | Reached skill level 7 in Earth Magic
  6548 | D:6      | Noticed Maggie
  6571 | D:6      | Killed from afar by Maggie

Illustrated notes

Levels and vault maps discovered:
D:1:      dpeg_arrival_refuge, layout_loops_ring, grunt_decor_resistance
D:2:      layout_basic, dancing_weapons_uskayaw, makhleb_blood_cavern_becter
D:3:      layout_basic, nemelex_xobeh_ov_fountains_minmay,
          nicolae_overflow_hidden_temple
D:4:      layout_rooms, riverfiend_overflow_shadow_ancestor,
          okawaru_altar_gauntlet_db, general_overflow_altar, fedhas_altar_2
D:5:      layout_cave_pools, grunt_ministairs_9, uniq_menkaure, uniq_eustachio
D:6:      kennysheep_housing_project, layout_basic, bloody_trog,
          bh_walls_and_bars, uniq_duvessa, uniq_maggie

Skill      XL: |  1  2  3  4  5  6  7  8 |
---------------+-------------------------+-----
Earth Magic    | 3 4 5 6 7 |  7.1
Conjurations   | 2 3 4 5 |  5.1
Spellcasting   | 3 4 |  4.1
Dodging        | |  1.7
Stealth        | |  1.7
Transmutations | |  0.8

Action                   |  1- 3 |  4- 6 |  7- 9 || total
-------------------------+-------+-------+-------++-------
Melee: Unarmed           |    44 |       |       ||    44
       Dagger            |    25 |    59 |     1 ||    85
       Headbutt          |     1 |     8 |     1 ||    10
 Cast: Sandblast         |    20 |    53 |    31 ||   104
       Stone Arrow       |       |    17 |    26 ||    43
  Use: Scroll            |       |       |     5 ||     5
 Stab: Sleeping          |     3 |     3 |       ||     6
Armor: Robe              |    23 |    21 |     9 ||    53
Dodge: Dodged            |    42 |    55 |    14 ||   111

Table legend: (Time is in decaauts)
 A = Elapsed time spent in this place.
 B = Non-inter-level travel time spent in this place.
 C = Inter-level travel time spent in this place.
 D = Time resting spent in this place.
 E = Time spent auto-exploring this place.
 F = Levels seen in this place.
 G = Mean time per level.
                   A        B        C        D        E       F      G
               +--------+--------+--------+--------+--------+-----+--------+
         Total |   6584 |   6347 |    237 |   1264 |   4259 |   6 | 1097.3 |
       Dungeon |   6584 |   6347 |    237 |   1264 |   4259 |   6 | 1097.3 |
               +--------+--------+--------+--------+--------+-----+--------+

Top non-repeatable levels by time:
     D:1: 1695 daAuts
     D:2: 1496 daAuts
     D:4: 1364 daAuts
     D:5: 899 daAuts
     D:3: 847 daAuts
     D:6: 281 daAuts
